 Dungeon Crawl Stone Soup version 0.30.0-30-g96aa6591b8 (webtiles) character file.

Game seed: 17339395981221691327

117 AgateBread the Chopper (level 5, -1/44 (47) HPs)
             Began as a Hill Orc Reaver on June 30, 2023.
             Was an Initiate of Vehumet.
             Slain by a gnoll
             ... wielding a +0 spear
              (2 damage)
             ... on level 4 of the Dungeon.
             The game lasted 00:17:04 (3279 turns).

AgateBread the Chopper (Hill Orc Reaver)            Turns: 3279, Time: 00:17:04

HP:   -1/44 (47)    AC:  5    Str: 12 (15) XL:     5   Next: 1%
MP:   7/7           EV: 10    Int: 12 (13) God:    Vehumet [......]
Gold: 183           SH:  0    Dex:  8 (9)  Spells: 6/7 levels left

rFire   . . .        a - +0 hand axe (freeze)
rCold   . . .        (no shield)
rNeg    . . .        h - +0 ring mail
rPois   .            (helmet restricted)
rElec   .            (no cloak)
rCorr   .            (no gloves)
SInv    .            (no boots)
Will    .....        (no amulet) Stlth
                     (no ring)
HPRegen 0.27/turn    (no ring)
MPRegen 0.10/turn

%: no passive effects
@: brilliant, attractive, flying, hasted, drained, very quick
A: horns 1, clumsy 1
a: Renounce Religion


You were on level 4 of the Dungeon.
You worshipped Vehumet.
Vehumet was noncommittal.
You visited 2 branches of the dungeon, and saw 5 of its levels.

You collected 183 gold pieces.

Inventory:

Hand Weapons
 a - a +0 hand axe of freezing (weapon)
 n - a +2 short sword of holy wrath
 o - a +0 dagger of freezing
Missiles
 f - 5 boomerangs
Armour
 h - a +0 ring mail (worn)
 t - a +0 scale mail
 u - a +0 chain mail
Scrolls
 e - a scroll of noise {unknown}
 k - a scroll of enchant armour {unknown}
 l - a scroll of brand weapon
 m - a scroll of vulnerability {unknown}
 p - a scroll of torment
 v - a scroll of amnesia {unknown}
Potions
 c - a potion of haste
 d - 2 potions of attraction
 g - 2 potions of curing
 r - a potion of degeneration
 w - a potion of resistance


   Skills:
 + Level 4.4 Fighting
 - Level 4.5 Axes
 + Level 0.1 Armour
 - Level 1.5 Dodging
 - Level 1.5 Spellcasting
 - Level 3.0 Conjurations
 + Level 2.7 Necromancy


You had 6 spell levels left.
You knew the following spells:

 Your Spells              Type           Power      Damage    Failure   Level
a - Kiss of Death         Conj/Necr      44%        2d8       21%         1

Your spell library contained the following spells:

 Spells                   Type           Power      Damage    Failure   Level
 Momentum Strike          Conj/Tloc      12%        3d8       47%         2
 Hailstorm                Conj/Ice       6%         3d4       71%         3


Dungeon Overview and Level Annotations

Branches:
Dungeon (4/15)             Temple (1/1) D:4

Altars:
Ashenzari
Cheibriados
Elyvilon
Kikubaaqudgha
Makhleb
Okawaru
Qazlal
Ru
Trog
Uskayaw
Vehumet
Wu Jian
Xom
Zin
The Shining One

Annotations:
D:3 Terence


Innate Abilities, Weirdness & Mutations

You have a pair of small horns on your head.
You are clumsy. (Dex -2)


Message History

You closely miss the gnoll. Your punch misses the gnoll.
You barely miss the gnoll. You hit the gnoll. You freeze the gnoll.
The gnoll hits you with a +0 halberd.
The gnoll hits you but does no damage. x2
Okay, then.
It was a potion of degeneration.
There was something very wrong with that liquid.
You feel weakened.
You feel dopey.
You feel clumsy.
It was a potion of ambrosia.
You are confused.
You feel invigorated. The gnoll completely misses you.
The gnoll hits you with a +0 spear. The gnoll hits you with a +0 whip.
The gnoll hits you from afar with a +0 spear.
The gnoll hits you with a +0 whip. The gnoll hits you but does no damage.
The gnoll is attracted toward you.
You hit the gnoll but do no damage.
The gnoll is lightly wounded.
You hit the gnoll. You freeze the gnoll.
It was a potion of flight.
You feel very buoyant.
You fly up into the air.
The gnoll barely misses you. The gnoll hits you with a +0 whip.
The gnoll barely misses you.
You bump into the rock wall.
The gnoll hits you with a +0 halberd!
* * * LOW HITPOINT WARNING * * *
The gnoll hits you with a +0 whip.
* * * LOW HITPOINT WARNING * * *
The gnoll hits you but does no damage.
It was a potion of mutation.
You feel extremely strange.
You feel clumsy. A pair of horns grows on your head!
You feel less invigorated.
You feel less confused.
It was a potion of brilliance.
You feel clever all of a sudden.
The gnoll hits you from afar with a +0 spear.
* * * LOW HITPOINT WARNING * * *
The gnoll closely misses you. The gnoll hits you with a +0 whip.
* * * LOW HITPOINT WARNING * * *
Unknown command.
You reach down and open the door.
The gnoll hits you from afar with a +0 spear.
You die...

############
##########
...............#
#.........
...............#
#.........
..........g.g..#
#.........
......##..g@.##
###'######
#....#####'###
#........#
#....##......#
#........#
#.g...'......#
#........#
#.....#......#
#........#
#....#########
#........#
#....#.......#
######....
#....'.......#
.#....
#######.......#
..#....


You could see 3 gnolls.

Vanquished Creatures
  4 adders
  3 dart slugs
  3 orcs (D:3)
  4 endoplasms
  2 giant cockroaches (D:1)
  9 goblins
  4 hobgoblins
  9 jackals
  7 kobolds
  4 quokkas
  8 ball pythons
  2 bats
  3 frilled lizards
  5 rats (D:1)
67 creatures vanquished.

Notes
Turn   | Place    | Note
-------+----------+-------------------------------------------
     0 | D:1      | AgateBread the Hill Orc Reaver began the quest for the Orb.
     0 | D:1      | Reached XP level 1. HP: 18/18 MP: 3/3
   240 | D:1      | Reached XP level 2. HP: 25/25 MP: 4/4
   353 | D:1      | Reached skill level 1 in Necromancy
   571 | D:1      | Reached XP level 3. HP: 27/31 MP: 5/5
   939 | D:2      | Reached XP level 4. HP: 39/40 MP: 6/6
  2369 | D:3      | Noticed Terence
  2868 | D:4      | Reached XP level 5. HP: 38/43 MP: 7/7
  3000 | D:4      | Found a staircase to the Ecumenical Temple.
  3015 | Temple   | Entered the Ecumenical Temple
  3177 | Temple   | Became a worshipper of Vehumet
  3277 | D:4      | Gained mutation: You are clumsy. (Dex -2) [potion of
                  | mutation]
  3277 | D:4      | Gained mutation: You have a pair of small horns on your
                  | head. [potion of mutation]
  3278 | D:4      | HP: 1/44 [gnoll/+0 whip (2)]
  3279 | D:4      | Slain by a gnoll

Illustrated notes

Levels and vault maps discovered:
D:1:      giann_horns, layout_loops_ring
D:2:      layout_loops_ring
D:3:      layout_basic, uniq_terence
D:4:      layout_gridville, gammafunk_temple_overflow_claw, temple_statues,
          uniq_ijyb, uniq_robin
Temple:   hellmonk_temple_of_storms

Skill      XL: |  1  2  3  4 |
---------------+-------------+-----
Necromancy     | 1 2 |  2.7
Fighting       | 3 4 |  4.4
Axes           | |  4.5
Armour         | |  0.1
Dodging        | |  1.5
Spellcasting   | |  1.5
Conjurations   | |  3.0

Action                     |  1- 3 |  4- 6 || total
---------------------------+-------+-------++-------
  Melee: Hand axe          |    95 |    86 ||   181
         Punch             |     1 |     1 ||     2
  Throw: Javelin           |     6 |     6 ||    12
         Boomerang         |       |     2 ||     2
   Cast: Kiss of Death     |       |     1 ||     1
    Use: Scroll            |       |     5 ||     5
         Potion            |       |     8 ||     8
 Armour: Ring mail         |    41 |    31 ||    72
         Leather armour    |     1 |       ||     1
  Dodge: Dodged            |    54 |    65 ||   119
